[Event "Titled Tuesday Blitz June 6 Early 2023"]
[White "White, John S."]
[Black "Sokolov, Andrei"]
[WhiteFideId "2502348"]
[BlackFideId "11600306"]
[WhiteElo "1980"]
[BlackElo "2473"]
[Result "1-0"]
[Round "6"]
[TimeControl "180+2"]
[Date "2023.06.06"]
[WhiteClock "0:01:28"]
[BlackClock "0:02:11"]
[Board "177"]

1. e4 c5 2. Nf3 Nc6 3. d4 cxd4 4. Nxd4 g6 5. Nc3 Bg7 6. Be3 Nf6 7. Bc4 O-O 8. f3 Qa5 9. O-O Qd8 10. Nd5 Nxd5 11. Bxd5 Qb6 12. Bxc6 bxc6 13. Qd3 Qxb2 14. Rfb1 Bxd4 15. Bxd4 Qxb1+ 16. Rxb1 d6 17. Qc3 Be6 18. a4 c5 19. Be3 Rab8 20. Rxb8 Rxb8 21. Qa5 Bc4 22. Qxa7 Rb2 23. Qxe7 h5 24. Bh6 Kh7 25. Qf8 Rb1+ 26. Kf2 h4 27. Qg7# 1-0


[Site "https://www.chess.com"]

[Event "Titled Tuesday Blitz June 6 Early 2023"]
[White "Blackwhite017"]
[Black "Mishra, Manoj"]
[BlackFideId "5006007"]
[WhiteElo "2074"]
[BlackElo "1847"]
[Result "1-0"]
[Round "6"]
[TimeControl "180+2"]
[Date "2023.06.06"]
[WhiteClock "0:00:15"]
[BlackClock "0:00:09"]
[Board "178"]

1. e4 c5 2. Nf3 Nc6 3. d4 cxd4 4. Nxd4 Nf6 5. Nc3 e5 6. Ndb5 d6 7. Bg5 a6 8. Na3 Be6 9. Nc4 b5 10. Ne3 h6 11. Bxf6 Qxf6 12. Ncd5 Qd8 13. Be2 Be7 14. O-O h5 15. f4 exf4 16. Nxf4 Qb6 17. Qd2 Ne5 18. Kh1 Bg5 19. Ned5 Bxd5 20. Qxd5 Rd8 21. Nxh5 g6 22. Nf6+ Bxf6 23. Rxf6 Ke7 24. Raf1 Rxh2+ 25. Kxh2 Rh8+ 26. Kg3 Qe3+ 27. R6f3 Nxf3 28. Rxf3 Qxe2 29. Rxf7+ Kd8 30. Qxd6+ Kc8 31. Qc7# 1-0


[Site "https://www.chess.com"]

[Event "Titled Tuesday Blitz June 6 Early 2023"]
[White "Quirke, Jeffrey"]
[Black "Maluco_do_Natal_00"]
[WhiteFideId "2013029"]
[WhiteElo "2195"]
[BlackElo "2061"]
[Result "1/2-1/2"]
[Round "6"]
[TimeControl "180+2"]
[Date "2023.06.06"]
[WhiteClock "0:00:02"]
[BlackClock "0:00:03"]
[Board "179"]

1. e4 c5 2. Nc3 Nc6 3. f4 d6 4. Nf3 g6 5. Bb5 Bd7 6. a4 Bg7 7. d3 a6 8. Bxc6 Bxc6 9. a5 Nf6 10. O-O O-O 11. Qe1 e6 12. Bd2 Rc8 13. e5 dxe5 14. Nxe5 Bd5 15. Ne4 Nxe4 16. dxe4 Bc6 17. Bc3 Qc7 18. Nxc6 Qxc6 19. Bxg7 Kxg7 20. Qc3+ Kg8 21. f5 exf5 22. exf5 Rcd8 23. Rf3 Qd5 24. Raf1 Qd4+ 25. Qxd4 Rxd4 26. fxg6 hxg6 27. Rf6 Rd2 28. Rb6 Rxc2 29. Rxb7 Kg7 30. h3 c4 31. Rf4 Rc1+ 32. Kh2 c3 33. bxc3 Rxc3 34. Rb6 Re8 35. Rxa6 Re5 36. Ra4 Rcc5 37. Ra8 g5 38. a6 Re2 39. a7 Rcc2 40. Rg4 Ra2 41. Rxg5+ Kf6 42. Rg4 Rf2 43. h4 Rf5 44. Rb4 Re5 45. Rb6+ Kf5 46. Kh3 Re3+ 47. g3 Ree2 48. Rb5+ Kf6 49. Rb6+ Kf5 50. Rb5+ Kf6 51. Rg5 Rh2+ 52. Kg4 Ra4+ 53. Kh5 Rf2 54. Rb8 Rf5 55. Rb6+ Ke7 56. Rxf5 Rxa7 57. Rxf7+ Kxf7 58. Rc6 Ra5+ 59. Kh6 Kf8 60. g4 Ra4 61. h5 Rxg4 62. Rg6 Rh4 63. Kg5 Rh1 64. h6 Rg1+ 65. Kf6 Rf1+ 66. Ke6 Re1+ 67. Kf6 Rf1+ 68. Ke6 Re1+ 69. Kf6 Rf1+ 1/2-1/2


[Site "https://www.chess.com"]

[Event "Titled Tuesday Blitz June 6 Early 2023"]
[White "Alexanian, Nelli"]
[Black "Francisco_Ferrari"]
[WhiteFideId "4170539"]
[WhiteElo "2037"]
[BlackElo "2131"]
[Result "0-1"]
[Round "6"]
[TimeControl "180+2"]
[Date "2023.06.06"]
[WhiteClock "0:01:46"]
[BlackClock "0:00:38"]
[Board "180"]

1. d4 g6 2. e4 Bg7 3. c4 d6 4. h4 h5 5. Nc3 Nc6 6. Be3 Nf6 7. f3 e5 8. d5 Nd4 9. Nge2 Nxe2 10. Bxe2 O-O 11. Qd2 a6 12. Bh6 Bd7 13. O-O-O b5 14. Rdg1 bxc4 15. g4 Qb8 16. gxh5 Nxh5 17. Bxg7 Kxg7 18. Rg5 Qb6 19. Rxh5 gxh5 20. Qg5+ Kh8 21. Qxh5+ Kg7 22. Rg1+ Qxg1+ 0-1


[Site "https://www.chess.com"]

[Event "Titled Tuesday Blitz June 6 Early 2023"]
[White "Lohani, Sujana"]
[Black "Flis, Pawel"]
[WhiteFideId "12311987"]
[BlackFideId "1112864"]
[WhiteElo "1718"]
[BlackElo "1822"]
[Result "0-1"]
[Round "6"]
[TimeControl "180+2"]
[Date "2023.06.06"]
[WhiteClock "0:02:04"]
[BlackClock "0:01:27"]
[Board "181"]

1. d4 c5 2. Nf3 cxd4 3. Nxd4 d5 4. g3 e5 5. Bg2 exd4 6. Qxd4 Nf6 7. O-O Nc6 8. Qd1 Be7 9. c3 O-O 10. Nd2 Bf5 11. Nf3 Qd7 12. Re1 Rfe8 13. Bf4 Bh3 14. Bh1 Bd6 15. Bg5 Qf5 16. Qb3 Bg4 17. Bxf6 gxf6 18. Rad1 Ne5 19. Qxd5 Nxf3+ 20. exf3 Rxe1+ 21. Rxe1 Qxd5 0-1


[Site "https://www.chess.com"]

[Event "Titled Tuesday Blitz June 6 Early 2023"]
[White "Lisjak, Zlatko"]
[Black "Skiadopoulos, Nikolaos"]
[WhiteFideId "14502186"]
[BlackFideId "4200772"]
[WhiteElo "1998"]
[BlackElo "2022"]
[Result "1-0"]
[Round "6"]
[TimeControl "180+2"]
[Date "2023.06.06"]
[WhiteClock "0:00:16"]
[BlackClock "0:00:35"]
[Board "182"]

1. d4 Nf6 2. Nc3 c5 3. d5 a6 4. e4 b5 5. e5 Ng8 6. Nf3 g6 7. h4 h5 8. Bg5 d6 9. Ne4 f6 10. exf6 exf6 11. Bf4 Bf5 12. Qe2 Kf7 13. O-O-O Ra7 14. Neg5+ fxg5 15. Nxg5+ Kg7 16. Ne6+ Bxe6 17. dxe6 Be7 18. Be5+ dxe5 19. Rxd8 Bxd8 20. Qxe5+ Bf6 21. Qxb8 Re7 22. Qd6 c4 23. Qxa6 Nh6 24. Qxb5 Ng4 25. Bxc4 Nxf2 26. Rf1 Bxh4 27. a4 Rf8 28. a5 Rf5 29. Qb4 Rxe6 30. Bxe6 Nd3+ 31. cxd3 Rxf1+ 32. Kc2 Bf6 33. Qb7+ Kh6 34. a6 Rf2+ 35. Kc1 Rf1+ 36. Kc2 Rf2+ 37. Kb1 Rxg2 38. Qxg2 1-0


[Site "https://www.chess.com"]

[Event "Titled Tuesday Blitz June 6 Early 2023"]
[White "Nihal Sarin"]
[Black "Martinez Alcantara, Jose Eduardo"]
[WhiteFideId "25092340"]
[BlackFideId "3805662"]
[WhiteElo "2689"]
[BlackElo "2711"]
[Result "0-1"]
[Round "7"]
[TimeControl "180+2"]
[Date "2023.06.06"]
[WhiteClock "0:00:06"]
[BlackClock "0:00:16"]
[Board "1"]

1. d4 Nf6 2. Nf3 e6 3. c4 Bb4+ 4. Nbd2 O-O 5. g3 b6 6. Bg2 Bb7 7. O-O a5 8. Nb1 d5 9. a3 Bd6 10. cxd5 exd5 11. Nc3 c6 12. Bf4 Bxf4 13. gxf4 Re8 14. e3 Nbd7 15. Ne5 Nf8 16. Rc1 Ne6 17. Na4 b5 18. Nc5 Nxc5 19. Rxc5 Qd6 20. Qc2 Nd7 21. Qf5 Re7 22. Rc2 g6 23. Qh3 f6 24. Nd3 a4 25. Bf3 Nb6 26. Kh1 Bc8 27. Bg4 Bxg4 28. Qxg4 Nc4 29. Rg1 Kh8 30. Rg3 Rg8 31. Rc1 Reg7 32. Rcg1 Qe7 33. Qe2 Qe4+ 34. R1g2 Re8 35. Qd1 Qf5 36. h3 Reg8 37. Kh2 g5 38. fxg5 fxg5 39. Qe2 h6 40. Nc5 Rf8 41. f4 Rfg8 42. Nd3 gxf4 43. Nxf4 Rxg3 44. Rxg3 Rxg3 45. Kxg3 Kg7 46. Nd3 Qe4 47. Qg4+ Qxg4+ 48. hxg4 Nxe3 49. Ne5 Nc4 50. Nxc6 Nxb2 51. Na7 b4 52. Nb5 b3 53. Nc3 Nc4 54. Nxa4 b2 55. Nxb2 Nxb2 56. Kf4 Kf6 57. Ke3 Kg5 58. Kf3 Na4 59. Kg3 Nc3 60. Kf3 Nb5 61. a4 Nxd4+ 62. Ke3 Nc6 63. Kf3 Na5 64. Ke3 Kxg4 65. Kd4 h5 66. Kc5 h4 67. Kb5 h3 68. Kxa5 h2 0-1


[Site "https://www.chess.com"]

[Event "Titled Tuesday Blitz June 6 Early 2023"]
[White "Pranesh M"]
[Black "Naroditsky, Daniel"]
[WhiteFideId "35028600"]
[BlackFideId "2026961"]
[WhiteElo "2437"]
[BlackElo "2632"]
[Result "1-0"]
[Round "7"]
[TimeControl "180+2"]
[Date "2023.06.06"]
[WhiteClock "0:00:23"]
[BlackClock "0:00:38"]
[Board "2"]

1. e4 g6 2. d4 Bg7 3. Nc3 d6 4. Be3 a6 5. Qd2 b5 6. f3 Bb7 7. a4 b4 8. Nce2 a5 9. h4 Nf6 10. g4 h5 11. g5 Nfd7 12. Nh3 c5 13. Rd1 Nc6 14. Bg2 O-O 15. O-O Ba6 16. dxc5 Nxc5 17. b3 Rc8 18. Rf2 Bxe2 19. Qxe2 Ne6 20. Rd2 Bc3 21. Rd1 Ne5 22. Kh1 Qc7 23. Rff1 Rfd8 24. Bg1 Bb2 25. f4 Ng4 26. f5 Nf8 27. Nf4 Be5 28. Nd5 Qb7 29. Bh3 e6 30. fxe6 Nxe6 31. Rd2 Bc3 32. Rd3 Bg7 33. Rd2 Bc3 34. Rd3 Bg7 35. Bxg4 hxg4 36. Qxg4 Rxc2 37. h5 Re8 38. h6 Be5 39. Rdf3 Rf8 40. Qxe6 fxe6 41. Rxf8+ Kh7 42. R8f7+ Qxf7 43. Rxf7+ Kg8 44. Rc7 Rxc7 45. Nxc7 d5 46. Nxe6 dxe4 47. Nc5 Bf4 48. Nxe4 Kf7 49. Kg2 Kg8 50. Kf3 Be5 51. Bb6 Kh8 52. Bxa5 Bd4 53. Bxb4 Kh7 54. Bc3 Bb6 55. a5 Bxa5 56. Bxa5 1-0


[Site "https://www.chess.com"]

[Event "Titled Tuesday Blitz June 6 Early 2023"]
[White "Terry, Renato"]
[Black "Deac, Bogdan-Daniel"]
[WhiteFideId "3803457"]
[BlackFideId "1226380"]
[WhiteElo "2575"]
[BlackElo "2644"]
[Result "1/2-1/2"]
[Round "7"]
[TimeControl "180+2"]
[Date "2023.06.06"]
[WhiteClock "0:00:05"]
[BlackClock "0:00:06"]
[Board "3"]

1. Nf3 d5 2. e3 Nf6 3. b3 g6 4. Bb2 Bg7 5. c4 O-O 6. cxd5 Qxd5 7. Nc3 Qa5 8. Be2 c5 9. O-O Nc6 10. Rc1 Rd8 11. Na4 Ne4 12. Bxg7 Kxg7 13. Qc2 Nxd2 14. Qb2+ Kg8 15. Rxc5 Nxf3+ 16. Bxf3 Qd2 17. Rc2 Qd6 18. a3 Ne5 19. Be2 Bf5 20. Rcc1 Rac8 21. h3 Qb8 22. Nc5 Nd7 23. Na4 Nf6 24. Rfd1 Rxc1 25. Qxc1 b6 26. Nc3 Be6 27. b4 Rc8 28. Qd2 a5 29. Nb5 axb4 30. Qxb4 Nd5 31. Qh4 Nf6 32. Nd4 Bc4 33. Bf3 Bd5 34. Bxd5 Nxd5 35. Qe4 Rc5 36. Qd3 e6 37. Qb3 Rc3 38. Qb2 Qc8 39. Nb5 Rc2 40. Qb3 Rc1 41. a4 Qc5 42. Kh2 h5 43. Rxc1 Qxc1 44. Qa2 Qc5 45. Qb2 Ne7 46. Qd4 Nc6 47. Qxc5 bxc5 48. Kg3 Kf8 49. Kf4 f5 50. Kg5 Kg7 51. g4 hxg4 52. hxg4 c4 53. Nc3 Kf7 54. Nb5 Kg7 55. Nc3 Kf7 56. f4 fxg4 57. Kxg4 e5 58. f5 gxf5+ 59. Kxf5 Ke7 60. Ne4 Kd7 61. Kf6 Na5 62. Kxe5 Kc6 63. Kd4 Kb6 64. Nc3 Kc6 65. e4 Kd6 66. Nd5 Kc6 67. Ne3 Nb3+ 68. Kxc4 Nc5 69. Kd4 Nxa4 70. Nc4 Nc5 71. Na5+ Kb5 72. e5 Ne6+ 73. Kd5 Nf4+ 74. Ke4 Ng6 75. e6 Kxa5 76. Kf5 Ne7+ 77. Kf6 Nc6 78. e7 Nxe7 1/2-1/2


[Site "https://www.chess.com"]

[Event "Titled Tuesday Blitz June 6 Early 2023"]
[White "Dubov, Daniil"]
[Black "Lenderman, Aleksandr"]
[WhiteFideId "24126055"]
[BlackFideId "2021285"]
[WhiteElo "2793"]
[BlackElo "2607"]
[Result "1-0"]
[Round "7"]
[TimeControl "180+2"]
[Date "2023.06.06"]
[WhiteClock "0:00:52"]
[BlackClock "0:01:11"]
[Board "4"]

1. g3 e6 2. Bg2 g6 3. Nf3 Bg7 4. O-O b6 5. e4 Bb7 6. Re1 Ne7 7. d4 d6 8. c4 Nd7 9. Nc3 O-O 10. Be3 e5 11. Qd2 a5 12. Rad1 Nc6 13. b3 Bc8 14. h3 Rb8 15. Kh2 Re8 16. Bg5 Bf6 17. Bxf6 Nxf6 18. dxe5 Nxe5 19. Nxe5 Rxe5 20. f4 Re8 21. e5 Nh5 22. Bc6 Rf8 23. exd6 cxd6 24. Qxd6 Qxd6 25. Rxd6 Be6 26. Bf3 Ng7 27. g4 Rfd8 28. Red1 Rxd6 29. Rxd6 Ne8 30. Rd4 Nf6 31. Kg3 Kf8 32. Ne4 Nxe4+ 33. Bxe4 Ke7 34. g5 Rc8 35. h4 Rc5 36. Bd3 Rc8 37. h5 Ra8 38. a3 Rc8 39. Kf2 Ra8 40. Ke3 Rc8 41. h6 Ra8 42. Be4 Rc8 43. Bd5 Ra8 44. Bxa8 1-0


[Site "https://www.chess.com"]

[Event "Titled Tuesday Blitz June 6 Early 2023"]
[White "Duda, Jan-Krzysztof"]
[Black "Rustemov, Alexander"]
[WhiteFideId "1170546"]
[BlackFideId "4119002"]
[WhiteElo "2783"]
[BlackElo "2883"]
[Result "1-0"]
[Round "7"]
[TimeControl "180+2"]
[Date "2023.06.06"]
[WhiteClock "0:00:09"]
[BlackClock "0:00:01"]
[Board "5"]

1. d4 d5 2. Bf4 Nf6 3. e3 c5 4. c3 Nc6 5. Nd2 Bg4 6. Qb3 Qc8 7. h3 c4 8. Qa4 Bd7 9. Qd1 b5 10. g4 e6 11. g5 Ng8 12. e4 Nge7 13. Bg2 g6 14. h4 h5 15. a4 a6 16. Ne2 Bg7 17. Bd6 O-O 18. e5 Qb7 19. Nf4 b4 20. Nxc4 bxc3 21. bxc3 dxc4 22. Bxe7 Qb2 23. Bxf8 Qxc3+ 24. Kf1 Rxf8 25. Ne2 Qd3 26. Rh3 Qf5 27. Qb1 Rc8 28. Qxf5 gxf5 29. Rc3 Na5 30. Nf4 Bf8 31. Nxh5 Bb4 32. Nf6+ Kg7 33. Rcc1 Bc6 34. Bxc6 Rxc6 35. d5 exd5 36. Nxd5 Bd2 37. Rc2 c3 38. Rd1 Nb3 39. Nxc3 a5 40. Rdxd2 Nxd2+ 41. Rxd2 Rxc3 42. Rd4 Kg6 43. Kg2 Rb3 44. f3 Rb4 45. Rd6+ Kg7 46. h5 Rxa4 47. h6+ Kg8 48. e6 fxe6 49. g6 Kf8 50. g7+ 1-0


[Site "https://www.chess.com"]

[Event "Titled Tuesday Blitz June 6 Early 2023"]
[White "Kravtsiv, Martyn"]
[Black "Andreikin, Dmitry"]
[WhiteFideId "14113147"]
[BlackFideId "4158814"]
[WhiteElo "2695"]
[BlackElo "2736"]
[Result "0-1"]
[Round "7"]
[TimeControl "180+2"]
[Date "2023.06.06"]
[WhiteClock "0:00:01"]
[BlackClock "0:00:23"]
[Board "6"]

1. e4 g6 2. d4 Bg7 3. Nc3 c6 4. f4 Qb6 5. Nf3 Nh6 6. Na4 Qa5+ 7. c3 d6 8. b4 Qc7 9. Bd3 a5 10. O-O axb4 11. cxb4 Bg4 12. Be2 Bxf3 13. Bxf3 Rxa4 14. Qxa4 Bxd4+ 15. Kh1 Bxa1 16. f5 Bg7 17. g4 Ng8 18. g5 Be5 19. Bg4 gxf5 20. exf5 h6 21. g6 Nf6 22. Be2 Nbd7 23. Be3 d5 24. g7 Rh7 25. Rg1 Ng8 26. b5 Rxg7 27. Rc1 c5 28. b6 Qd8 29. Rxc5 Nf6 30. Bb5 Kf8 31. Bxd7 Nxd7 32. Rxd5 Bd6 33. Bxh6 Nf6 0-1


[Site "https://www.chess.com"]

[Event "Titled Tuesday Blitz June 6 Early 2023"]
[White "Gledura, Benjamin"]
[Black "Hakobyan, Aram"]
[WhiteFideId "712779"]
[BlackFideId "13306677"]
[WhiteElo "2537"]
[BlackElo "2584"]
[Result "1-0"]
[Round "7"]
[TimeControl "180+2"]
[Date "2023.06.06"]
[WhiteClock "0:00:44"]
[BlackClock "0:00:10"]
[Board "7"]

1. Nf3 g6 2. d4 Bg7 3. g3 d6 4. Bg2 Nf6 5. O-O O-O 6. c4 Bf5 7. Nh4 Be4 8. Nf3 Bf5 9. Nc3 Ne4 10. Nd5 c6 11. Ne3 Be6 12. Qc2 d5 13. Ne5 Nf6 14. cxd5 cxd5 15. Bd2 Nfd7 16. Bc3 Nc6 17. Rfd1 Nb6 18. a4 a5 19. Nd3 Nxd4 20. Bxd4 Bxd4 21. Nf4 Bxe3 22. fxe3 Nc4 23. Qc3 Qb6 24. Nxd5 Bxd5 25. Rxd5 Qxe3+ 26. Qxe3 Nxe3 27. Rb5 Nxg2 28. Kxg2 Ra7 29. Rc1 Rd8 30. Rc7 e6 31. Rbxb7 Rxb7 32. Rxb7 Rd2 33. Kf3 Kg7 34. Ke3 Rd1 35. Rb5 Rb1 36. Kd4 h5 37. Kc5 f5 38. Kb6 Re1 39. Kxa5 Rxe2 40. Kb6 h4 41. a5 Rxh2 42. gxh4 Rxh4 43. a6 f4 44. a7 Rh8 45. Ra5 g5 46. a8=Q Rxa8 47. Rxa8 f3 48. Kc5 g4 49. Kd4 f2 50. Ra1 Kf6 51. Ke3 g3 52. Kf3 1-0


[Site "https://www.chess.com"]

[Event "Titled Tuesday Blitz June 6 Early 2023"]
[White "demon64fields"]
[Black "Shevchenko, Kirill"]
[BlackFideId "14129574"]
[WhiteElo "2850"]
[BlackElo "2603"]
[Result "0-1"]
[Round "7"]
[TimeControl "180+2"]
[Date "2023.06.06"]
[WhiteClock "0:00:02"]
[BlackClock "0:01:42"]
[Board "8"]

1. Nf3 Nf6 2. g3 g6 3. Bg2 Bg7 4. O-O O-O 5. d4 d6 6. a4 Nc6 7. a5 a6 8. Nc3 Bf5 9. Nh4 Bg4 10. h3 Bd7 11. e4 e5 12. dxe5 dxe5 13. Be3 Be6 14. Nd5 Re8 15. c3 Ne7 16. c4 Nc6 17. b4 Nd4 18. Nf3 Nxe4 19. Nxd4 Bxd5 20. cxd5 Nc3 21. Qb3 exd4 22. Bd2 Re2 23. Bxc3 dxc3 24. d6 Qxd6 25. Rad1 Rd2 26. Bxb7 Rb8 27. Rxd2 cxd2 28. Bd5 Rxb4 29. Bxf7+ Kf8 30. Qf3 Qf6 31. Bd5 Qxf3 32. Bxf3 c5 33. Rd1 Bc3 34. Kf1 c4 35. Ke2 Ke7 36. Be4 Kd6 37. Bc2 Kc5 38. f4 Rb2 39. Be4 Bxa5 40. f5 Kd4 41. Bb1 gxf5 42. Bxf5 h6 43. Rf1 c3 44. Kd1 Ke3 45. Bc2 Ra2 46. Bb1 c2+ 0-1


[Site "https://www.chess.com"]

[Event "Titled Tuesday Blitz June 6 Early 2023"]
[White "Harutjunyan, Gevorg"]
[Black "Svane, Rasmus"]
[WhiteFideId "13300873"]
[BlackFideId "4657101"]
[WhiteElo "2474"]
[BlackElo "2601"]
[Result "0-1"]
[Round "7"]
[TimeControl "180+2"]
[Date "2023.06.06"]
[WhiteClock "0:00:01"]
[BlackClock "0:00:05"]
[Board "9"]

1. e4 c6 2. d3 d5 3. Nf3 dxe4 4. dxe4 Qxd1+ 5. Kxd1 Nf6 6. Bd3 Nbd7 7. Ke2 e5 8. Nbd2 Bd6 9. a4 b6 10. b3 Bb7 11. a5 b5 12. Bb2 a6 13. Rhd1 Ke7 14. c3 Rhd8 15. b4 c5 16. Ba3 c4 17. Bc2 Nf8 18. Nh4 g6 19. g3 Ne6 20. Ng2 Rd7 21. Ne3 Rad8 22. f3 Bb8 23. Ndf1 Nd4+ 24. cxd4 exd4 25. Nxc4 bxc4 26. b5+ Ke6 27. Ba4 Rc7 28. Nd2 d3+ 29. Kf2 axb5 30. Bxb5 Ba7+ 31. Kg2 c3 32. Nb3 c2 33. Rxd3 Rxd3 34. Bxd3 Rc3 35. Be2 Kd7 36. Nc1 Ne8 37. Bb2 Rc8 38. a6 Ba8 39. Ra3 Nd6 40. Rd3 Ke6 41. Rc3 Rxc3 42. Bxc3 f5 43. exf5+ Nxf5 44. Bc4+ Bd5 45. Bd3 Ne3+ 46. Kh3 Bxf3 47. g4 Bb8 48. Bd4 Nxg4 49. Bxc2 g5 50. Nd3 Nf6 51. Nc5+ Kf7 52. Bb3+ Kg6 0-1


[Site "https://www.chess.com"]

[Event "Titled Tuesday Blitz June 6 Early 2023"]
[White "Harsh Suresh"]
[Black "Zhigalko, Sergei"]
[WhiteFideId "45018464"]
[BlackFideId "13502956"]
[WhiteElo "2209"]
[BlackElo "2626"]
[Result "1-0"]
[Round "7"]
[TimeControl "180+2"]
[Date "2023.06.06"]
[WhiteClock "0:01:14"]
[BlackClock "0:00:04"]
[Board "10"]

1. e4 c5 2. Nf3 Nc6 3. Bc4 Nf6 4. e5 d5 5. Bb5 Nd7 6. Bxc6 bxc6 7. d3 g6 8. Qe2 Bg7 9. O-O Nf8 10. b3 Bg4 11. Bb2 Ne6 12. h3 Bxf3 13. Qxf3 O-O 14. Nd2 Nd4 15. Bxd4 cxd4 16. Qg3 e6 17. f4 c5 18. Nf3 Qa5 19. Qe1 Qa3 20. Qc1 Qa5 21. Qe1 Qa3 22. Qc1 Qa6 23. a4 f6 24. exf6 Bxf6 25. Qd2 Rae8 26. Rae1 Bd8 27. Re2 Ba5 28. Qc1 Bc7 29. g3 c4 30. Ng5 cxd3 31. cxd3 Qxd3 32. Qxc7 Qxg3+ 33. Rg2 Qh4 34. Qd7 d3 35. Rg4 Qh5 36. Nxe6 d2 37. Qg7# 1-0


[Site "https://www.chess.com"]

[Event "Titled Tuesday Blitz June 6 Early 2023"]
[White "Kevlishvili, Robby"]
[Black "Molina, Roberto Junio Brito"]
[WhiteFideId "1040634"]
[BlackFideId "2109450"]
[WhiteElo "2572"]
[BlackElo "2376"]
[Result "1-0"]
[Round "7"]
[TimeControl "180+2"]
[Date "2023.06.06"]
[WhiteClock "0:00:20"]
[BlackClock "0:00:05"]
[Board "11"]

1. e4 c6 2. d4 d5 3. e5 Bf5 4. Nc3 e6 5. g4 Bg6 6. Nge2 f6 7. Nf4 fxe5 8. dxe5 Bf7 9. Bg2 Nd7 10. Qe2 Bb4 11. Bd2 Ne7 12. O-O-O Ba5 13. Kb1 Qc7 14. Nd3 O-O-O 15. f4 Kb8 16. Rhe1 Rde8 17. f5 Ka8 18. Bf4 Qb8 19. Bg3 Bc7 20. Na4 Nc8 21. Nac5 Nxc5 22. Nxc5 Nb6 23. b3 exf5 24. gxf5 g6 25. e6 Bxg3 26. hxg3 gxf5 27. exf7 Rxe2 28. Rxe2 Rf8 29. Re7 a5 30. Rde1 Qxg3 31. R1e2 Nc8 32. Nd7 Nxe7 33. Nxf8 Qg7 34. Rxe7 Qxg2 35. Ne6 Qg1+ 36. Kb2 1-0


[Site "https://www.chess.com"]

[Event "Titled Tuesday Blitz June 6 Early 2023"]
[White "qx4z"]
[Black "Babazada, Khazar"]
[BlackFideId "13413554"]
[WhiteElo "2763"]
[BlackElo "2369"]
[Result "1/2-1/2"]
[Round "7"]
[TimeControl "180+2"]
[Date "2023.06.06"]
[WhiteClock "0:00:09"]
[BlackClock "0:00:04"]
[Board "12"]

1. d4 d5 2. Bf4 Nf6 3. e3 Bf5 4. c4 e6 5. Nc3 Nc6 6. Bd3 Bxd3 7. Qxd3 Bd6 8. Nge2 Nb4 9. Qd1 dxc4 10. O-O c6 11. Bxd6 Qxd6 12. e4 e5 13. f4 exd4 14. e5 Qc7 15. exf6 dxc3 16. fxg7 Rg8 17. Qd4 Qb6 18. bxc3 Nd3 19. Rab1 Qxd4+ 20. Nxd4 Rxg7 21. Rxb7 Rg6 22. f5 Rd6 23. Rf3 Kf8 24. Rh3 h6 25. Re3 c5 26. Nb5 Rb6 27. Ree7 Rxb7 28. Rxb7 Re8 29. h4 Re1+ 30. Kh2 Nf2 31. Nd6 Re3 32. g3 Ng4+ 33. Kh3 h5 34. f6 Kg8 35. Rxf7 Re2 36. Rg7+ Kf8 37. Rf7+ Kg8 38. Rg7+ Kf8 39. Rxg4 hxg4+ 40. Kxg4 Re6 41. Nf5 Rxf6 42. h5 Ra6 43. h6 Kg8 44. Kh5 Rxa2 45. g4 Ra6 46. g5 Re6 47. g6 a5 48. h7+ Kh8 49. Nh6 Kg7 50. Nf5+ Kh8 51. Nh6 Kg7 52. Nf5+ Kh8 1/2-1/2


[Site "https://www.chess.com"]

[Event "Titled Tuesday Blitz June 6 Early 2023"]
[White "Ibarra Jerez, Jose Carlos"]
[Black "Kushko, Dmitriy"]
[WhiteFideId "2226332"]
[BlackFideId "14162261"]
[WhiteElo "2631"]
[BlackElo "2230"]
[Result "1-0"]
[Round "7"]
[TimeControl "180+2"]
[Date "2023.06.06"]
[WhiteClock "0:00:16"]
[BlackClock "0:00:02"]
[Board "13"]

1. e4 g6 2. d4 Bg7 3. Nf3 d6 4. Bc4 Nc6 5. Ng5 e6 6. d5 Nd4 7. Be3 c5 8. c3 exd5 9. Bxd5 Ne6 10. Qd2 Nf6 11. Na3 Nxd5 12. Qxd5 h6 13. Nf3 Nc7 14. Qd2 O-O 15. Bxh6 Re8 16. O-O-O Rxe4 17. Bxg7 Kxg7 18. Qxd6 Qxd6 19. Rxd6 Bg4 20. Nd2 Re2 21. Rf1 Rae8 22. Nc2 R2e6 23. Rxe6 Bxe6 24. Ne3 g5 25. b3 g4 26. Ne4 Bxb3 27. Nd6 Rxe3 28. fxe3 Bd5 29. e4 Bxa2 30. Nxb7 c4 31. Nd6 f6 32. Nf5+ Kg6 33. Ne7+ Kg5 34. Nd5 Bb3 35. Nxc7 1-0


[Site "https://www.chess.com"]

[Event "Titled Tuesday Blitz June 6 Early 2023"]
[White "Samadov, Read"]
[Black "Horvath, Dominik"]
[WhiteFideId "13417444"]
[BlackFideId "1642561"]
[WhiteElo "2355"]
[BlackElo "2407"]
[Result "1-0"]
[Round "7"]
[TimeControl "180+2"]
[Date "2023.06.06"]
[WhiteClock "0:00:06"]
[BlackClock "0:00:04"]
[Board "14"]

1. d4 Nf6 2. c4 e6 3. Nf3 d5 4. g3 dxc4 5. Bg2 Nbd7 6. O-O c6 7. a4 b6 8. Qc2 Bb7 9. Nfd2 Qc8 10. Nxc4 c5 11. Bxb7 Qxb7 12. dxc5 Bxc5 13. Be3 O-O 14. Bxc5 Nxc5 15. Nc3 Rfd8 16. Rfd1 h6 17. b4 Nce4 18. Nxe4 Nxe4 19. f3 Nf6 20. e4 b5 21. Nd6 Qb6+ 22. Qc5 bxa4 23. Rxa4 Nd7 24. Qxb6 Nxb6 25. Raa1 Rd7 26. e5 f6 27. exf6 Rad8 28. fxg7 Rxd6 29. Rxd6 Rxd6 30. Rxa7 Nd5 31. Rb7 Rb6 32. Rxb6 Nxb6 33. Kf2 Kxg7 34. f4 Kf6 35. Kf3 Kg6 36. g4 Kf6 37. h4 Nd5 38. b5 Nb6 39. Ke4 Nd5 40. g5+ hxg5 41. fxg5+ Kg6 42. Ke5 Kh5 43. Kd6 Kg6 44. Kc6 Kf5 45. b6 Nxb6 46. Kxb6 e5 47. Kc5 e4 48. Kd4 Kf4 49. g6 e3 50. g7 e2 51. g8=Q e1=Q 52. Qg5+ Kf3 53. h5 Qd1+ 54. Ke5 Qa1+ 55. Kf5 Qa5+ 56. Kg6 Qa8 57. Qf6+ Ke3 58. h6 Qg8+ 59. Kf5 Qh7+ 60. Kg5 Qg8+ 61. Kh4 Qg2 62. Qg5+ 1-0


[Site "https://www.chess.com"]

[Event "Titled Tuesday Blitz June 6 Early 2023"]
[White "Sielecki, Christof"]
[Black "Nguyen, Ngoc Truong Son"]
[WhiteFideId "4620437"]
[BlackFideId "12401110"]
[WhiteElo "2443"]
[BlackElo "2556"]
[Result "0-1"]
[Round "7"]
[TimeControl "180+2"]
[Date "2023.06.06"]
[WhiteClock "0:00:27"]
[BlackClock "0:00:08"]
[Board "15"]

1. e4 c5 2. Nf3 e6 3. c3 d5 4. exd5 Qxd5 5. d4 Nf6 6. Na3 a6 7. Nc4 Nbd7 8. a4 cxd4 9. Qxd4 Bc5 10. Qxd5 exd5 11. Ne3 O-O 12. Be2 Re8 13. O-O Bxe3 14. Bxe3 Ng4 15. Rfd1 Nxe3 16. fxe3 Nf6 17. Nd4 Rxe3 18. Bf3 Re7 19. Re1 Be6 20. Rad1 Rae8 21. h3 h6 22. Kf2 Kf8 23. a5 Bd7 24. Rxe7 Rxe7 25. Rd2 Re5 26. Nc2 Ke7 27. Ne3 Bc6 28. g4 g6 29. Nc2 Ne4+ 30. Bxe4 dxe4 31. Ke3 Rxa5 32. Nd4 Re5 33. Rf2 a5 34. h4 Bd7 35. Rf4 g5 36. hxg5 hxg5 37. Rf1 Bxg4 38. Rg1 f5 39. Kd2 Kf6 40. Rh1 e3+ 41. Kd3 e2 42. Re1 f4 0-1


[Site "https://www.chess.com"]

[Event "Titled Tuesday Blitz June 6 Early 2023"]
[White "Sanal, Vahap"]
[Black "Sourath Biswas"]
[WhiteFideId "6300545"]
[BlackFideId "35091484"]
[WhiteElo "2606"]
[BlackElo "2171"]
[Result "1-0"]
[Round "7"]
[TimeControl "180+2"]
[Date "2023.06.06"]
[WhiteClock "0:02:26"]
[BlackClock "0:02:33"]
[Board "16"]

1. e4 c6 2. Nf3 d5 3. d3 e6 4. Nbd2 c5 5. g3 Nc6 6. Bg2 g6 7. O-O Bg7 8. c3 Nge7 9. Re1 O-O 10. e5 d4 11. c4 Qc7 12. Qe2 Nb8 13. Ne4 b6 14. Nf6+ Kh8 15. Ng5 h6 16. Bxa8 hxg5 17. Bxg5 Nbc6 18. Qg4 1-0


[Site "https://www.chess.com"]